 Dungeon Crawl Stone Soup version 0.27.1 (webtiles) character file.

Game seed: 750646916974123848

21 Kinoniko the Slasher (level 2, -3/28 HPs)
             Began as a Tengu Berserker on Aug 31, 2021.
             Was a Follower of Trog.
             Slain by a kobold (7 damage)
             ... on level 2 of the Dungeon.
             The game lasted 00:00:38 (741 turns).

Kinoniko the Slasher (Tengu Berserker)               Turns: 741, Time: 00:00:39

Health: -3/28      AC:  2    Str: 17    XL:     2   Next: 83%
Magic:  3/3        EV:  9    Int:  7    God:    Trog [*.....]
Gold:   23         SH:  0    Dex: 13    Spells: 1/1 levels left

rFire    . . .     SeeInvis .   a - +0 falchion
rCold    . . .     Faith    .   (no shield)
rNeg     . . .     Spirit   .   b - +0 animal skin
rPois    .         Reflect  .   (helmet restricted)
rElec    .         Harm     .   (no cloak)
rCorr    .         Rampage  .   (no gloves)
Will     .....                  (boots unavailable)
Stlth    ..........             (no amulet)
HPRegen  0.09/turn              (no ring)
MPRegen  0.08/turn              (no ring)

@: berserking, constricted, very quick
A: beak, talons 3
a: Renounce Religion, Berserk


You were on level 2 of the Dungeon.
You worshipped Trog.
Trog was aware of your devotion.
You visited 1 branch of the dungeon, and saw 2 of its levels.

You collected 23 gold pieces.

Inventory:

Hand Weapons
 a - a +0 falchion (weapon)
Armour
 b - a +0 animal skin (worn)
Scrolls
 c - a scroll of blinking {unknown}
 d - a scroll of identify {unknown}
 e - a scroll of teleportation {unknown}


   Skills:
 - Level 3.0 Fighting
 * Level 4.1 Long Blades
 - Level 2.1 Armour
 + Level 2.7 Dodging


You had one spell level left.
You didn't know any spells.
Your spell library was empty.

Dungeon Overview and Level Annotations

Branches:
Dungeon (2/15)

Altars:


Innate Abilities, Weirdness & Mutations

You have a beak for a mouth.
You have claws for feet.


Message History

There is a stone staircase leading down here.
You climb downwards.
The kobold shouts!
The ball python hisses angrily.
Found 12 gold pieces and a dagger.
Found a stone staircase leading up.
There is a stone staircase leading up here.
There are monsters nearby!
The kobold hits you with a +4 dagger.
You hit the kobold.
The kobold is heavily wounded.
The kobold barely misses you.
You closely miss the kobold. Your kick misses the kobold.
The kobold is heavily wounded.
The ball python bites you but does no damage.
The ball python grabs you. The ball python constricts you.
The kobold hits you with a +4 dagger.
You closely miss the ball python. Your peck misses the ball python.
The ball python bites you. The ball python constricts you.
The kobold hits you with a +4 dagger.
* * * LOW HITPOINT WARNING * * *
The ball python closely misses you. The ball python constricts you.
* * * LOW HITPOINT WARNING * * *
You are too injured to fight recklessly!
You are too injured to fight recklessly!
You are too injured to fight recklessly!
You are too injured to fight recklessly!
You are too injured to fight recklessly!
You are too injured to fight recklessly!
You are too injured to fight recklessly!
You are too injured to fight recklessly!
You are too injured to fight recklessly!
You are too injured to fight recklessly!
You are too injured to fight recklessly!
You are too injured to fight recklessly!
You are too injured to fight recklessly!
You are too injured to fight recklessly!
Unknown command.
A red film seems to cover your vision as you go berserk!
You feel yourself moving faster!
You feel mighty! The kobold hits you with a +4 dagger!
You die...

###.. #.#
.........
......#.#
........#
......#.##
#......
#.....# #
#..<.<#.#
#.#$.@..#
#.SK#.#
........#
....#.#...#
.####.#...#
.......
##.##..#.
.....


You could see a ball python and a kobold.

Vanquished Creatures
  An endoplasm (D:1)
  2 hobgoblins (D:1)
  3 jackals (D:1)
  A kobold (D:1)
  A ball python (D:1)
  6 bats (D:1)
  4 frilled lizards (D:1)
  A goblin (D:1)
  2 rats (D:1)
21 creatures vanquished.

Notes
Turn   | Place    | Note
-------+----------+-------------------------------------------
     0 | D:1      | Kinoniko the Tengu Berserker began the quest for the Orb.
     0 | D:1      | Reached XP level 1. HP: 14/14 MP: 2/2
   247 | D:1      | Reached XP level 2. HP: 19/19 MP: 3/3
   364 | D:1      | Reached skill level 4 in Long Blades
   391 | D:1      | Found a faded altar of an unknown god.
   741 | D:2      | Slain by a kobold

Illustrated notes

Levels and vault maps discovered:
D:1:      ncdulo_watergridlock, layout_basic,
          shapermc_ecumenical_altar_flowoftime, grunt_decor_one_mirror
D:2:      layout_basic, serial_shops, nicolae_shop_overgrown_old_shop,
          uniq_jessica, uniq_crazy_yiuf_cottage, uniq_sigmund

Skill      XL: |  1  2 |
---------------+-------+-----
Long Blades    | 4 |  4.1
Fighting       | |  3.0
Armour         | |  2.1
Dodging        | |  2.7

Action                   || total
-------------------------++-------
Melee: Falchion          ||    36
       Kick              ||    10
       Peck              ||     6
Invok: Berserk           ||     1
Armor: Animal skin       ||     6
Dodge: Dodged            ||    20
       Rpst.: Falchion   ||     9
